Map: World of Sleepers LE

Players

Serral - Winner!

  • Race: Zerg Zerg
  • League: Master
  • Spawn Location: 1:00

soO

  • Race: Zerg Zerg
  • League: Master
  • Spawn Location: 7:00

Event: HomeStory Cup XX

VOD

Have the link to the VOD?

Description

Time

  • Played on: Nov. 23, 2019, 10:18 a.m.
  • Length: 7:16

All games in this series

Show
View Real Time Build Order
Export as new Build Order

Serral Zerg - Winner!

Build Orders: Hatch First 

Get SALT Encoding   

  12  0:00  Drone  
  13  0:11  Overlord  
  13  0:16  Drone  
  14  0:30  Drone x2  
  16  0:47  Hatchery  
  15  0:50  Drone  
  15  0:54  Drone  
  17  0:57  Drone  
  18  1:08  Extractor  
  17  1:12  Spawning Pool  
  17  1:16  Drone  
  17  1:19  Drone  
  18  1:27  Drone  
  19  1:39  Drone  
  20  1:48  Drone  
  21  1:59  Queen x2, Overlord  
  21  2:00  Zergling x2  
  26  2:08  Metabolic Boost  
  26  2:10  Drone x2  
  28  2:20  Drone  
  28  2:21  Drone  
  30  2:32  Hatchery  
  30  2:35  Drone  
  30  2:37  Drone  
  31  2:44  Baneling Nest  
  31  2:47  Overlord  
  31  2:50  Drone  
  31  2:53  Drone  
  31  2:54  Drone  
  33  3:04  Zergling x4  
  34  3:07  Zergling x2  
  34  3:08  Zergling x6  
  34  3:12  Zergling x2  
  39  3:17  Overlord  
  39  3:19  Zergling x4  
  41  3:27  Queen  
  41  3:31  Baneling x2  
  43  3:34  Baneling  
  43  3:37  Zergling x2  
  43  3:38  Zergling x2  
  45  3:43  Drone x2  
  45  3:45  Roach Warren  
  44  3:49  Zergling x2  
  44  3:51  Drone  
  44  3:52  Drone x2  
  48  3:58  Overlord  
  48  4:12  Overlord  
  48  4:13  Unknown  
  46  4:25  Roach x8  
  62  4:35  Roach  
  62  4:38  Overlord x2  
  64  4:43  Roach  
  64  4:45  Roach  
  68  4:46  Overlord  
  68  4:47  Zergling x4  
  70  4:56  Roach x2  
  74  5:02  Roach x2  
  78  5:10  Roach  
  78  5:11  Roach x2  
  84  5:20  Roach  
  84  5:21  Roach x2  
  89  5:26  Overlord  
  89  5:31  Zergling x8  
  93  5:37  Zergling x6  
  94  5:45  Zergling x8  
  98  5:52  Ravager  
  98  5:55  Ravager  
  98  5:56  Zergling x8  
  96  5:59  Zergling x6  
  82  6:05  Ravager x2  
  82  6:06  Zergling x2  
  82  6:07  Zergling x2  
  82  6:08  Ravager  
  82  6:09  Ravager  
  87  6:14  Ravager  
  84  6:19  Zergling x10  
  86  6:26  Zergling x8  
  86  6:28  Ravager  
  86  6:29  Ravager  
  86  6:33  Zergling x4  
  86  6:36  Zergling x2  
  79  6:43  Ravager x2  
  79  6:44  Zergling x6  
  81  6:52  Zergling x8  
  82  6:56  Ravager  
  82  6:58  Zergling x4  
Show
View Real Time Build Order
Export as new Build Order

soO Zerg 

Build Orders: Hatch First 

Get SALT Encoding   

  12  0:00  Drone  
  13  0:12  Overlord  
  13  0:16  Drone  
  14  0:30  Drone x2  
  16  0:47  Hatchery  
  15  0:50  Drone  
  15  0:54  Drone  
  17  0:57  Drone  
  18  1:07  Extractor  
  17  1:12  Spawning Pool  
  17  1:15  Drone  
  17  1:18  Drone  
  18  1:27  Drone  
  19  1:38  Drone  
  20  1:49  Drone  
  21  1:58  Queen x2  
  21  1:59  Drone  
  21  2:00  Overlord  
  26  2:07  Metabolic Boost  
  26  2:10  Drone x2  
  28  2:23  Zergling x4  
  30  2:32  Hatchery  
  29  2:37  Drone x2  
  31  2:46  Overlord  
  31  2:52  Drone  
  31  2:53  Drone  
  33  3:07  Zergling x18  
  42  3:14  Roach Warren  
  42  3:16  Overlord  
  41  3:20  Drone  
  42  3:33  Overlord  
  41  3:48  Queen, Overlord  
  41  3:55  Roach x6  
  55  3:58  Overlord  
  55  4:01  Drone  
  55  4:02  Drone  
  57  4:04  Drone  
  57  4:06  Drone  
  59  4:11  Drone x2  
  61  4:20  Drone  
  61  4:23  Drone x5  
  67  4:28  Evolution Chamber  
  66  4:41  Overlord  
  66  4:43  Drone x5  
  71  4:46  Extractor x2  
  71  4:48  Lair, Drone  
  71  4:50  Drone  
  71  4:51  Drone  
  71  4:52  Drone  
  73  4:59  Overlord  
  73  5:04  Drone  
  74  5:11  Drone x2  
  74  5:12  Drone  
  78  5:14  Overlord, Drone  
  78  5:16  Roach x2  
  82  5:23  Roach x2  
  82  5:24  Roach  
  82  5:26  Extractor  
  85  5:30  Roach x2  
  85  5:32  Drone  
  94  5:35  Roach x2  
  94  5:36  Zergling x8  
  94  5:41  Overlord  
  92  5:43  Roach  
  92  5:46  Overlord  
  94  5:50  Roach x2  
  94  5:51  Roach  
  94  5:56  Roach  
  96  5:59  Roach  
  96  6:01  Roach  
  96  6:02  Roach  
  96  6:04  Roach  
  91  6:06  Roach, Zergling x4  
  91  6:10  Roach  
  88  6:13  Roach  
  88  6:14  Zergling x2  
  88  6:15  Roach  
  87  6:22  Roach  
  87  6:23  Roach  
  82  6:29  Roach  
  71  6:37  Roach  
  71  6:39  Zergling x4  
  51  6:45  Zergling x2  
  43  6:48  Roach  
  43  6:51  Zergling x2  
  42  6:55  Roach  
  42  6:56  Roach  
Tags
 
Add a new tag
Caveats
  • Supply blocks, unpowered buildings, or Contaminate may cause inaccurate times.
  • Supply counts are checked every 10 seconds.